Unix NetHack Version 3.7.0-102 Work-in-progress - last build Apr 7 2024 00:22:53 (d302a6a9ff6341f1a922d8f5af178406b35fdf99,branch:master). Game began 2024-04-20 23:29:44, ended 2024-04-20 23:52:48. Ted, neutral male gnomish Wizard -------- ----------- ##########.......| |.<.......|#### |......| ----- |.........|# |......| |...| # #..........|# .......| |....## # #--.----+---# |.......# |...|0############################## --------# |....### # # # # ## ----- # # # # # # # # # # # @## # # a #-----# # #|...|# # #..^.-# ----- Ted the Conjurer St:25 Dx:12 Co:15 In:18 Wi:13 Ch:9 Neutral S:2601 Dlvl:5 $:1879 HP:0(33) Pw:42(42) AC:8 Xp:4/128 T:1952 Stun Conf Latest messages: You are caught in a bear trap. You are caught in a bear trap. You are caught in a bear trap. You are caught in a bear trap. You are caught in a bear trap. You are caught in a bear trap. You are caught in a bear trap. You are caught in a bear trap. You are caught in a bear trap. You finally wriggle free. You are beginning to feel hungry. You see here an egg. There is an egg here; eat it? [ynq] (n) y Ugh. Rotten egg. You kill the newt! You are feeling mildly nauseated. You feel slightly confused. The soldier ant bites! The soldier ant stings! You can't seem to think straight. You miss the soldier ant. The soldier ant bites! The soldier ant stings! Are you sure you want to pray? [yn] (n) y You begin praying to Thoth. You are surrounded by a shimmering light. The soldier ant starts to attack you, but pulls back. The soldier ant starts to attack you, but pulls back. The soldier ant starts to attack you, but pulls back. The soldier ant starts to attack you, but pulls back. The soldier ant starts to attack you, but pulls back. You finish your prayer. You feel that Thoth is well-pleased. In what direction? Never mind. What do you want to drink? [ruDHIK or ?*] K You feel better. The soldier ant bites! The soldier ant stings! What do you want to drink? [ruDHIK or ?*] K You feel better. The soldier ant bites! The soldier ant stings! You feel incredibly sick. You are too impaired to cast a spell. The soldier ant bites! The soldier ant stings! The soldier ant bites! You die... Do you want your possessions identified? [ynq] (y) q Inventory: Coins $ - 1879 gold pieces Weapons C - a +0 long sword a - a blessed +1 quarterstaff (weapon in hands) Armor w - an uncursed +0 pair of gauntlets of power (being worn) b - an uncursed +0 cloak of magic resistance (being worn) B - an uncursed +1 studded leather armor Comestibles s - an uncursed kebab z - a cursed food ration Scrolls k - a blessed scroll of identify G - an uncursed scroll of identify i - an uncursed scroll of taming A - a blessed scroll of teleportation j - an uncursed scroll of teleportation Spellbooks l - a blessed spellbook of force bolt m - an uncursed spellbook of healing Potions r - a blessed potion of blindness D - an uncursed potion of extra healing H - an uncursed potion of gain ability I - an uncursed potion of see invisible u - a potion of holy water Rings e - an uncursed ring of searching (on right hand) F - an uncursed ring of stealth Wands c - a wand of digging (0:4) L - a wand of striking (0:5) Tools p - a cursed figurine of a jaguar n - a magic marker (0:20) y - an uncursed oil lamp v - 2 uncursed tallow candles Ted the Wizard's attributes: Background: You were a Conjurer, a level 4 male gnomish Wizard. You were neutral, on a mission for Thoth who was opposed by Ptah (lawful) and Anhur (chaotic). You were right-handed. You were in the Dungeons of Doom, on level 5. You entered the dungeon 1952 turns ago. It was nighttime. You had 128 experience points, 32 more were needed to attain level 5. Your score was 2601 before end-of-game adjustments. Basics: You had 0 out of 33 hit points. You had all 42 energy points (spell power). Your armor class was 8. Your wallet contained 1879 zorkmids. Autopickup was on for '$"=/!?' plus thrown. Final Characteristics: Your strength was 25 (base:14, innate limit:18/50). Your dexterity was 12 (limit:18). Your constitution was 15 (limit:18). Your intelligence was 18 (limit:19). Your wisdom was 13 (limit:18). Your charisma was 9 (limit:18). Final Status: You were nauseated. You were stunned. You were confused. You weren't hungry. You were unencumbered. You were wielding a quarterstaff. You had basic skill with quarterstaff. Final Attributes: You were devoutly aligned. You were magic-protected. You had automatic searching. You had infravision. You were warded. You are dead. Miscellaneous: You encountered 1 bones level. Total elapsed playing time was 23 minutes and 1 second. Major events: Turn 1: Ted the neutral male gnomish Wizard entered the dungeon 646: entered the Gnomish Mines 965: attained the rank of Conjurer (level 3) 1952: killed by a soldier ant Vanquished creatures: a kobold leader 3 hill orcs a wererat 2 iguanas a gas spore a hobbit 3 cave spiders a gnome zombie 6 jackals 2 kobolds 2 goblins a grid bug 4 lichens a kobold zombie 2 newts 31 creatures vanquished. No species were genocided or became extinct. Voluntary challenges: You read items or engraved 1 time. You never engraved Elbereth. You never had a pet. You never genocided any monsters. You never polymorphed an object. You never changed form. You used no wishes. Achievements: You entered the Gnomish Mines. You attained the rank of Conjurer. You entered a shop. The Dungeons of Doom: levels 1 to 5 Level 1: An altar to Thoth. Level 2: A fountain. Stairs down to The Gnomish Mines. Level 3: A fountain. Level 4: A sink. Level 5: <- You were here. Final resting place for you, killed by a soldier ant, Merlek-Pri-Hum-Mal-Neu, killed by a soldier ant. The Gnomish Mines: Level 3: Game over: ---------- / \ / REST \ / IN \ / PEACE \ / \ | Ted | | 1879 Au | | killed by a | | soldier ant | | | | | | 2024 | *| * * * | * _________)/\\_//(\/(/\)/\//\/|_)_______ Goodbye Ted the Wizard... You died in The Dungeons of Doom on dungeon level 5 with 2414 points, and 1879 pieces of gold, after 1952 moves. You were level 4 with a maximum of 33 hit points when you died.